[Event "Titled Tuesday Blitz April 4 Early 2023"]
[White "Przybylski, Wojciech"]
[Black "Sokolovsky, Yahli"]
[WhiteFideId "1117599"]
[BlackFideId "2820242"]
[WhiteElo "2222"]
[BlackElo "2316"]
[Result "1/2-1/2"]
[Round "04"]
[TimeControl "180+2"]
[Date "2023.04.04"]
[WhiteClock "0:00:03"]
[BlackClock "0:00:06"]

1. e4 d6 2. d4 g6 3. Nc3 Bg7 4. Nf3 a6 5. a4 b6 6. Be2 Bb7 7. O-O Nf6 8. e5 Nd5 9. Nxd5 Bxd5 10. c4 Bb7 11. a5 dxe5 12. Nxe5 Nd7 13. Bf3 Bxf3 14. Qxf3 Nxe5 15. dxe5 O-O 16. e6 fxe6 17. Qe2 Qd6 18. Rd1 Bd4 19. Be3 e5 20. axb6 cxb6 21. Qg4 Rfd8 22. h4 a5 23. h5 Qf6 24. hxg6 hxg6 25. Rd3 Bxb2 26. Rad1 Rxd3 27. Rxd3 a4 28. Qe4 Rf8 29. c5 bxc5 30. Qxa4 Bd4 31. Qc2 Kg7 32. Bxd4 cxd4 33. Rf3 Qe6 34. Rg3 Rd8 35. Qe4 Rf8 36. Rd3 Qf5 37. Qe2 Rb8 38. Rh3 Rb1+ 39. Kh2 Qf4+ 40. Rg3 Rb3 41. Qc2 Rxg3 42. fxg3 Qh6+ 43. Kg1 Qe3+ 44. Kh2 d3 45. Qc7 Kf7 46. Qc4+ Kf6 47. Qc6+ e6 48. Qd7 Qd4 49. Qe8 e4 50. Qf8+ Ke5 51. Qg7+ Kd5 52. Qd7+ Kc4 53. Qa4+ Kc5 54. Qa7+ Kd5 55. Qd7+ Kc4 56. Qa4+ Kc3 57. Qa1+ Kc4 58. Qa4+ 1/2-1/2


[Site "https://www.chess.com"]

[Event "Titled Tuesday Blitz April 4 Early 2023"]
[White "Deng, Henry"]
[Black "Hamitevici, Vladimir"]
[WhiteFideId "30965454"]
[BlackFideId "13902393"]
[WhiteElo "2471"]
[BlackElo "2401"]
[Result "0-1"]
[Round "04"]
[TimeControl "180+2"]
[Date "2023.04.04"]
[WhiteClock "0:00:20"]
[BlackClock "0:00:17"]

1. e4 e6 2. d4 d5 3. Nd2 c5 4. Ngf3 cxd4 5. Nxd4 Nc6 6. Bb5 Bd7 7. Nxc6 bxc6 8. Bd3 Ne7 9. O-O Ng6 10. Nf3 Qc7 11. g3 Bc5 12. Qe2 Rb8 13. e5 f6 14. exf6 gxf6 15. Bxg6+ hxg6 16. Bf4 Bd6 17. Nd4 e5 18. Bd2 Kf7 19. Nb3 Bh3 20. Rfe1 Qd7 21. c4 Qf5 22. f3 Qh5 23. g4 Qh4 24. cxd5 cxd5 25. Qf2 e4 26. fxe4 Qxg4+ 27. Kh1 Bg2+ 28. Qxg2 Rxh2+ 29. Qxh2 Bxh2 30. e5 Rh8 31. e6+ Ke8 32. Bh6 Rxh6 0-1


[Site "https://www.chess.com"]

[Event "Titled Tuesday Blitz April 4 Early 2023"]
[White "Manukyan, Sargis A."]
[Black "Jumanov, Elbek"]
[WhiteFideId "13303970"]
[BlackFideId "14202905"]
[WhiteElo "2187"]
[BlackElo "2055"]
[Result "1-0"]
[Round "04"]
[TimeControl "180+2"]
[Date "2023.04.04"]
[WhiteClock "0:00:53"]
[BlackClock "0:00:12"]

1. d4 Nf6 2. c4 c5 3. d5 b5 4. cxb5 a6 5. bxa6 g6 6. Nc3 Bg7 7. Nf3 O-O 8. g3 Bxa6 9. Bg2 d6 10. O-O Nbd7 11. Rb1 Qa5 12. Bd2 Rfb8 13. b3 Qd8 14. Qc2 Ne8 15. a4 Nc7 16. Rfd1 Bb7 17. e4 Na6 18. Na2 Bc8 19. Bc3 Bxc3 20. Qxc3 Nb4 21. Nxb4 Rxb4 22. Ne1 Qa5 23. Qe3 Rab8 24. Nc2 R4b7 25. Na3 Nb6 26. Bf1 Nxa4 27. Nc4 Qc7 28. h4 Nb6 29. Na5 Nxd5 30. Qd2 Ra7 31. Nc4 Nb4 32. h5 Ra2 33. Qg5 f6 34. Qh6 g5 35. e5 dxe5 36. Nxe5 Bf5 37. Bc4+ e6 38. Rd7 Qxd7 39. Nxd7 1-0


[Site "https://www.chess.com"]

[Event "Titled Tuesday Blitz April 4 Early 2023"]
[White "Fishchuk, Vladyslav"]
[Black "Namitbir Singh Walia"]
[WhiteFideId "34122117"]
[BlackFideId "35071068"]
[WhiteElo "2082"]
[BlackElo "2239"]
[Result "0-1"]
[Round "04"]
[TimeControl "180+2"]
[Date "2023.04.04"]
[WhiteClock "0:02:37"]
[BlackClock "0:01:00"]

1. d4 Nf6 2. Nc3 d5 3. Bf4 Bf5 4. e3 e6 5. Nf3 Bd6 6. Ne5 c6 7. g4 Bg6 8. h4 h6 9. Nxg6 fxg6 10. Bd3 Kf7 11. Qf3 Bxf4 12. Qxf4 g5 13. Qg3 gxh4 14. Rxh4 Nbd7 15. O-O-O Qb8 16. f4 c5 17. g5 hxg5 18. fxg5 Qxg3 0-1


[Site "https://www.chess.com"]

[Event "Titled Tuesday Blitz April 4 Early 2023"]
[White "Nguyen Hong Nhung"]
[Black "Vaibhav Jayant Raut"]
[WhiteFideId "12412201"]
[BlackFideId "5089034"]
[WhiteElo "1968"]
[BlackElo "2156"]
[Result "0-1"]
[Round "04"]
[TimeControl "180+2"]
[Date "2023.04.04"]
[WhiteClock "0:00:16"]
[BlackClock "0:00:04"]

1. e4 c5 2. Nc3 Nc6 3. Bb5 Nd4 4. Bc4 a6 5. a4 e6 6. Nge2 Nf6 7. O-O d5 8. exd5 exd5 9. Ba2 Be7 10. d3 O-O 11. Nxd4 cxd4 12. Ne2 Qb6 13. Ng3 Bg4 14. Qd2 Rac8 15. Bb3 Be6 16. Qf4 Qc7 17. Qxd4 Ng4 18. Bf4 Qd7 19. Nh5 Nf6 20. Nxf6+ Bxf6 21. Be5 Bxe5 22. Qxe5 d4 23. Bxe6 fxe6 24. c3 dxc3 25. bxc3 Qxd3 26. Qxe6+ Kh8 27. Rab1 b5 28. Qxa6 Qxc3 29. axb5 Ra8 30. Qd6 Rad8 31. Qc6 Qd4 32. h3 Rf6 33. Qc7 Rb6 34. Rfe1 Rdb8 35. Red1 Qf6 36. Rd5 h6 37. Qc4 Rf8 38. Rd2 Rfb8 39. Rdb2 Qf5 40. Rb3 Qg6 41. Rg3 Qxb1+ 42. Kh2 Qxb5 43. Qc3 Qd7 44. Qc4 Rc6 45. Qh4 Qc7 46. f4 Rf8 47. Rf3 Rcf6 48. Qg4 Rxf4 49. Rxf4 Qxf4+ 50. Qxf4 Rxf4 0-1


[Site "https://www.chess.com"]

[Event "Titled Tuesday Blitz April 4 Early 2023"]
[White "Toropov, Pavel"]
[Black "Andreev, Konstantin"]
[WhiteFideId "24129178"]
[BlackFideId "24239305"]
[WhiteElo "2182"]
[BlackElo "2106"]
[Result "0-1"]
[Round "04"]
[TimeControl "180+2"]
[Date "2023.04.04"]
[WhiteClock "0:00:06"]
[BlackClock "0:00:04"]

1. e4 c5 2. Nf3 e6 3. d4 cxd4 4. Nxd4 Nc6 5. Nc3 Qc7 6. Be3 a6 7. Qf3 Nf6 8. O-O-O Ne5 9. Qg3 d6 10. f4 Neg4 11. Bg1 h5 12. h3 h4 13. Qe1 Nh6 14. Qxh4 b5 15. Bd3 Bb7 16. a3 d5 17. e5 Nd7 18. g4 Be7 19. g5 O-O-O 20. Qf2 Ng8 21. Nb3 b4 22. axb4 Bxb4 23. Qd4 Bxc3 24. Qxc3 Qxc3 25. bxc3 Ne7 26. Be3 d4 27. cxd4 Bxh1 28. Rxh1 Nb8 29. h4 Nd5 30. Bd2 f6 31. h5 Nc6 32. c3 Nce7 33. Nc5 Nc7 34. gxf6 gxf6 35. exf6 Ned5 36. f5 Rdf8 37. fxe6 Rxf6 38. h6 Nf4 39. Bxf4 Rxf4 40. h7 Ne8 41. Rg1 Nf6 42. Rg7 Rh4 43. Bxa6+ Kb8 44. Nd7+ Nxd7 45. exd7 Rd8 46. Bd3 Kc7 47. Bf5 Rh5 48. Be6 Rh6 49. Bg8 Rxd7 50. Rg5 Re7 51. Kc2 Rh3 52. Kb3 Kb6 53. Rc5 Ree3 54. Kb4 Re1 55. Re5 Rb1+ 56. Kc4 Rc1 57. Kd5 Rcxc3 58. Ke6 Rc6+ 59. Kd7 Rc7+ 60. Kd8 Ra3 0-1


[Site "https://www.chess.com"]

[Event "Titled Tuesday Blitz April 4 Early 2023"]
[White "M_Bozorov"]
[Black "Volkov, Maksim"]
[BlackFideId "54123070"]
[WhiteElo "2446"]
[BlackElo "2312"]
[Result "1-0"]
[Round "04"]
[TimeControl "180+2"]
[Date "2023.04.04"]
[WhiteClock "0:01:14"]
[BlackClock "0:00:33"]

1. e4 e6 2. d4 d5 3. exd5 exd5 4. Nf3 Bd6 5. c4 dxc4 6. Bxc4 Nf6 7. O-O O-O 8. h3 h6 9. Nc3 Nc6 10. Re1 Bf5 11. Ne5 Bxe5 12. dxe5 Qxd1 13. Nxd1 Rfe8 14. f4 Ne4 15. Ne3 Bh7 16. Nd5 Rac8 17. Be3 Nb4 18. Nxb4 a6 19. Rad1 b5 20. Bf1 Ra8 21. Nd5 Rac8 22. Bd3 c5 23. Bf2 Nxf2 24. Bxh7+ Kxh7 25. Kxf2 c4 26. a3 a5 27. Nc3 b4 28. axb4 axb4 29. Ne4 Re7 30. Nd6 Rc5 31. Rc1 Rec7 32. Re4 c3 33. bxc3 bxc3 34. Re3 c2 35. Re2 g5 36. fxg5 hxg5 37. Ne4 Rc4 38. Nxg5+ Kg6 39. Nf3 Kf5 40. Ne1 1-0


[Site "https://www.chess.com"]

[Event "Titled Tuesday Blitz April 4 Early 2023"]
[White "Skliarov, Viktor"]
[Black "Kubatko, Ivan"]
[WhiteFideId "14106736"]
[BlackFideId "24111473"]
[WhiteElo "2317"]
[BlackElo "2285"]
[Result "1-0"]
[Round "04"]
[TimeControl "180+2"]
[Date "2023.04.04"]
[WhiteClock "0:00:08"]
[BlackClock "0:00:03"]

1. e4 d5 2. exd5 Qxd5 3. Nc3 Qa5 4. d4 Nf6 5. Bc4 Bg4 6. f3 Bh5 7. Ne2 Nc6 8. Bd2 O-O-O 9. Nd5 Qa4 10. b3 Qa3 11. Nxf6 exf6 12. c3 Na5 13. O-O Nxc4 14. bxc4 Bg6 15. Nf4 Bd6 16. Qb3 Qa6 17. Nxg6 hxg6 18. h3 f5 19. a4 Rhe8 20. Qb5 Re2 21. Rf2 Rde8 22. Kf1 Rxf2+ 23. Kxf2 Qc6 24. Qxc6 bxc6 25. c5 Be7 26. Rb1 a6 27. Rb2 Bf6 28. Be3 g5 29. g4 f4 30. Bc1 g6 31. Re2 Rxe2+ 32. Kxe2 Kd7 33. Kd3 Ke6 34. c4 Be7 35. Bd2 f5 36. Ba5 Bd8 37. Bb4 Be7 38. Bc3 Bd8 39. Ba5 Kf6 40. d5 cxd5 41. cxd5 Ke5 42. Kc4 fxg4 43. hxg4 Kf6 44. d6 cxd6 45. Bxd8+ Ke6 46. cxd6 Kxd6 47. Bxg5 1-0


[Site "https://www.chess.com"]

[Event "Titled Tuesday Blitz April 4 Early 2023"]
[White "Devaev, Alexander"]
[Black "Nikologorskiy, Konstantin"]
[WhiteFideId "4169395"]
[BlackFideId "24111708"]
[WhiteElo "2204"]
[BlackElo "2293"]
[Result "1-0"]
[Round "04"]
[TimeControl "180+2"]
[Date "2023.04.04"]
[WhiteClock "0:00:45"]
[BlackClock "0:00:01"]

1. d4 Nf6 2. c4 e6 3. Nf3 Bb4+ 4. Bd2 c5 5. Bxb4 cxb4 6. g3 b6 7. Bg2 Bb7 8. O-O O-O 9. a3 bxa3 10. Rxa3 a5 11. Nc3 d6 12. d5 exd5 13. Nd4 Nbd7 14. Nxd5 Nxd5 15. cxd5 Rc8 16. Qd2 Ne5 17. Rc3 Ba6 18. Rfc1 Qd7 19. Nc6 Nxc6 20. dxc6 Qc7 21. Bd5 Rfe8 22. e4 Rcd8 23. Rf3 Re7 24. h4 Bc8 25. b4 axb4 26. Qxb4 Bg4 27. Rb3 Rb8 28. Rcb1 Be6 29. Qd4 Bxd5 30. exd5 h5 31. Rxb6 Rbe8 32. Rb7 Qa5 33. Rxe7 Rxe7 34. Rb8+ Kh7 35. Qd3+ g6 36. Qd4 Re5 37. Kg2 Qc7 38. Rb7 Qd8 39. Rxf7+ Kg8 40. Rd7 Qb8 41. Qa7 Rf5 42. Qxb8+ 1-0


[Site "https://www.chess.com"]

[Event "Titled Tuesday Blitz April 4 Early 2023"]
[White "Iljin, Timofey"]
[Black "Antal, Gergely"]
[WhiteFideId "14110180"]
[BlackFideId "717312"]
[WhiteElo "2382"]
[BlackElo "2471"]
[Result "0-1"]
[Round "04"]
[TimeControl "180+2"]
[Date "2023.04.04"]
[WhiteClock "0:00:08"]
[BlackClock "0:00:16"]

1. e4 d5 2. exd5 Nf6 3. Nc3 Nxd5 4. Nxd5 Qxd5 5. Nf3 Bg4 6. Be2 Nc6 7. h3 Bh5 8. O-O e5 9. Re1 Bg6 10. Nxe5 Nxe5 11. Bf3 Qe6 12. Bxb7 Rd8 13. d4 Be7 14. Bf4 Qb6 15. Bxe5 Qxb7 16. Bxg7 Rg8 17. Bf6 Rd7 18. Qg4 Qa6 19. Qh4 Qd6 20. c3 Bf5 21. Bxe7 Rxe7 22. f3 Be6 23. Qxh7 Qg3 24. Re2 Bf5 25. Rxe7+ Kxe7 26. Re1+ Kd8 27. Qxg8+ Qxg8 28. Kf2 Qg6 29. g4 Be6 30. f4 Qh6 31. Kg3 Qf8 32. f5 Bd5 33. Re5 Qd6 34. Kh4 f6 35. Re3 Qf4 36. Re1 Bg2 37. Rg1 Qf3 38. Kh5 Qxh3+ 39. Kg6 Qxg4+ 40. Kxf6 Qh4+ 41. Ke5 Qh2+ 42. Kf6 Qxg1 43. Kg7 Qf2 44. f6 Ke8 45. f7+ Qxf7+ 46. Kh6 Be4 47. d5 Qg6# 0-1


[Site "https://www.chess.com"]

[Event "Titled Tuesday Blitz April 4 Early 2023"]
[White "Taboas Rodriguez, Daniel"]
[Black "a-z30"]
[WhiteFideId "2208466"]
[WhiteElo "2365"]
[BlackElo "2430"]
[Result "1/2-1/2"]
[Round "04"]
[TimeControl "180+2"]
[Date "2023.04.04"]
[WhiteClock "0:00:36"]
[BlackClock "0:00:12"]

1. d4 d6 2. Nf3 Nf6 3. c4 g6 4. Nc3 Bg7 5. e4 O-O 6. Be2 c5 7. d5 Bg4 8. Be3 Nbd7 9. O-O a6 10. a4 Qc7 11. h3 Bxf3 12. Bxf3 Rfe8 13. Qd2 e6 14. Rfe1 exd5 15. exd5 Qa5 16. Bf4 Bf8 17. Ne4 Qxd2 18. Nxf6+ Nxf6 19. Bxd2 Rxe1+ 20. Rxe1 Re8 21. Rxe8 Nxe8 22. a5 Bg7 23. b3 Be5 24. g4 f6 25. Kg2 Kf8 26. Be4 Kf7 27. f4 Bd4 28. h4 Ng7 29. f5 Be5 30. Kf3 gxf5 31. Bxf5 Nxf5 32. gxf5 h5 33. b4 cxb4 34. Bxb4 Ke7 35. c5 Kd7 36. cxd6 Bxd6 37. Bc3 Ke7 38. Be1 Bc7 39. Ke4 b6 40. Bb4+ Kd7 41. Bc3 Ke7 42. axb6 Bxb6 43. d6+ Kxd6 44. Bxf6 a5 45. Bg7 a4 46. Bf8+ Kd7 47. Kf4 Bd8 48. Ke5 Bxh4 49. Ba3 Be7 50. Bc1 a3 51. Bxa3 Bxa3 52. Kf4 Bc1+ 53. Kg3 Ke7 54. Kh4 Kf6 55. Kxh5 Kxf5 1/2-1/2


[Site "https://www.chess.com"]

[Event "Titled Tuesday Blitz April 4 Early 2023"]
[White "Poliakova, Varvara"]
[Black "Klepikov, Nikita"]
[WhiteFideId "13518313"]
[BlackFideId "24145220"]
[WhiteElo "2075"]
[BlackElo "2025"]
[Result "1/2-1/2"]
[Round "04"]
[TimeControl "180+2"]
[Date "2023.04.04"]
[WhiteClock "0:00:08"]
[BlackClock "0:00:05"]

1. e4 c5 2. Nf3 Nc6 3. d4 cxd4 4. Nxd4 g6 5. Nc3 Bg7 6. Nb3 Nf6 7. Be2 O-O 8. O-O d6 9. Re1 a6 10. Bf1 Bg4 11. f3 Be6 12. Be3 b5 13. Nd5 Nd7 14. c3 Rb8 15. Qd2 Nde5 16. Nd4 Nxd4 17. cxd4 Bxd5 18. dxe5 Be6 19. exd6 Qxd6 20. Qxd6 exd6 21. Re2 d5 22. exd5 Bxd5 23. Rd1 Bxa2 24. Bc5 Rfc8 25. b4 Bc4 26. Re7 a5 27. Bxc4 bxc4 28. Rdd7 Rxc5 29. bxc5 c3 30. Re1 Rc8 31. c6 Rxc6 32. Rd8+ Bf8 33. Ra8 c2 34. Rc1 Kg7 35. Rxa5 Bc5+ 36. Rxc5 Rxc5 37. Kf2 Kf6 38. Ke3 Kf5 39. Kd4 Rc8 40. Ke3 h5 41. h4 Ke5 42. g3 f6 43. Kd3 Kf5 44. Ke3 g5 45. hxg5 Kxg5 46. Ke4 h4 47. gxh4+ Kxh4 48. Kf4 Kh3 49. Ke3 Kg2 50. Ke2 f5 51. Ke3 Kg3 52. Rg1+ Kh2 53. Rc1 Kg2 54. Ke2 Rc3 55. f4 Kg3 56. Kd2 Rc6 57. Ke3 Kg2 58. Kd2 Kf3 59. Rf1+ Kg2 60. Rc1 Kf2 61. Rxc2 Rd6+ 62. Kc3+ Kf3 63. Rh2 Kxf4 64. Rh5 Kg4 65. Rh8 f4 66. Rg8+ Kf3 67. Rf8 Kg3 68. Rg8+ Kf2 69. Rf8 f3 70. Kc2 Kg2 71. Rg8+ Kf1 72. Rf8 f2 73. Kc1 Rd4 74. Kc2 Rd5 75. Kc1 Rd6 76. Kc2 Rd7 77. Kc1 Rd3 78. Kc2 Rg3 79. Kd2 Kg2 80. Ke2 Re3+ 81. Kxe3 f1=Q 82. Rxf1 Kxf1 1/2-1/2


[Site "https://www.chess.com"]

[Event "Titled Tuesday Blitz April 4 Early 2023"]
[White "Danielyan, Vahe"]
[Black "Matveeva, Olga"]
[WhiteFideId "13304828"]
[BlackFideId "24107018"]
[WhiteElo "2423"]
[BlackElo "2056"]
[Result "1-0"]
[Round "04"]
[TimeControl "180+2"]
[Date "2023.04.04"]
[WhiteClock "0:00:20"]
[BlackClock "0:00:17"]

1. e4 e6 2. d4 d5 3. Nc3 Nf6 4. Bg5 Bb4 5. e5 h6 6. Bh4 g5 7. Bg3 Ne4 8. Ne2 c5 9. a3 Nxc3 10. Nxc3 Bxc3+ 11. bxc3 Nc6 12. Qd2 Bd7 13. h4 g4 14. h5 Qb6 15. Rd1 Rc8 16. Be2 cxd4 17. cxd4 Na5 18. Rh4 Ba4 19. Qb4 Bxc2 20. Bb5+ Kd8 21. Rc1 a6 22. Rxg4 Qxb5 23. Bh4+ Kc7 24. Qd6# 1-0


[Site "https://www.chess.com"]

[Event "Titled Tuesday Blitz April 4 Early 2023"]
[White "Qashashvili, Alexandre"]
[Black "Atanasov, Anthony"]
[WhiteFideId "13600842"]
[BlackFideId "2623897"]
[WhiteElo "2405"]
[BlackElo "2326"]
[Result "0-1"]
[Round "04"]
[TimeControl "180+2"]
[Date "2023.04.04"]
[WhiteClock "0:00:01"]
[BlackClock "0:00:03"]

1. e4 c5 2. Nc3 Nc6 3. Nf3 e5 4. Bc4 d6 5. d4 Nxd4 6. O-O Nxf3+ 7. Qxf3 Nf6 8. Bb5+ Bd7 9. Bg5 Be7 10. Bxd7+ Qxd7 11. Bxf6 Bxf6 12. Nd5 Bd8 13. Rad1 O-O 14. c4 Qe6 15. Rd3 f5 16. exf5 Qxf5 17. Qxf5 Rxf5 18. Ne3 Rf6 19. Rfd1 Be7 20. Nd5 Rf7 21. Nxe7+ Rxe7 22. Rxd6 b6 23. f3 e4 24. Kf2 exf3 25. Rd8+ Rxd8 26. Rxd8+ Kf7 27. Kxf3 h6 28. b3 Kg6 29. Rd6+ Kg5 30. Rd5+ Kf6 31. g4 Re1 32. Rd6+ Ke7 33. Rc6 Kd7 34. Rg6 Re7 35. Kf4 Rf7+ 36. Ke5 Re7+ 37. Kd5 Kc7 38. h4 Kd7 39. Rd6+ Kc7 40. g5 hxg5 41. hxg5 Re1 42. Rg6 Re7 43. a3 a5 44. a4 Rd7+ 45. Ke5 Re7+ 46. Re6 Rf7 47. g6 Rd7 48. Re8 Rd1 49. Rg8 Re1+ 50. Kd5 Re7 51. Rf8 Kd7 52. Ra8 Re1 53. Ra7+ Kc8 54. Rxg7 Rf1 55. Kc6 Rf6+ 56. Kb5 Kb8 57. Rg8+ Kb7 58. Rg7+ Kb8 0-1


[Site "https://www.chess.com"]

[Event "Titled Tuesday Blitz April 4 Early 2023"]
[White "nicolasulaneobelassi"]
[Black "Belozerov, Andrei"]
[BlackFideId "4120213"]
[WhiteElo "2290"]
[BlackElo "2373"]
[Result "1/2-1/2"]
[Round "04"]
[TimeControl "180+2"]
[Date "2023.04.04"]
[WhiteClock "0:00:17"]
[BlackClock "0:00:34"]

1. e4 c6 2. d4 d5 3. exd5 cxd5 4. c4 Nf6 5. Nc3 g6 6. Qb3 Bg7 7. cxd5 O-O 8. Nf3 Nbd7 9. Be2 Nb6 10. O-O Nbxd5 11. h3 b6 12. Bc4 Bb7 13. Ne5 e6 14. Bg5 h6 15. Be3 Rc8 16. Rac1 Qe7 17. Rfd1 Rfd8 18. Bf1 Nxe3 19. fxe3 Nd5 20. Nxd5 Bxd5 21. Bc4 Bxe5 22. dxe5 Bxc4 23. Rxd8+ Qxd8 24. Rxc4 Rxc4 25. Qxc4 Qd1+ 26. Kh2 Qd2 27. Qd4 Qe2 28. Qd8+ Kh7 29. Qf6 Kg8 30. Qd8+ Kh7 31. Qf6 Kg8 32. Qd8+ 1/2-1/2


[Site "https://www.chess.com"]

[Event "Titled Tuesday Blitz April 4 Early 2023"]
[White "Al-Tarboush, Ward"]
[Black "lluiss"]
[WhiteFideId "7601450"]
[WhiteElo "2265"]
[BlackElo "2229"]
[Result "1-0"]
[Round "04"]
[TimeControl "180+2"]
[Date "2023.04.04"]
[WhiteClock "0:00:18"]
[BlackClock "0:00:01"]

1. e4 c5 2. Nf3 d6 3. d4 cxd4 4. Nxd4 Nf6 5. Nc3 g6 6. Be2 Bg7 7. O-O O-O 8. Be3 d5 9. e5 Ne8 10. f4 e6 11. g4 Nc6 12. g5 Nc7 13. h4 h6 14. Kg2 hxg5 15. hxg5 Bd7 16. Rh1 Re8 17. Qe1 b6 18. Qh4 Nxd4 19. Bxd4 Bc8 20. Bd3 Ba6 21. Qh7+ Kf8 22. Bxg6 fxg6 23. Qxg6 Qe7 24. f5 Qf7 25. Qxf7+ Kxf7 26. g6+ Kg8 27. f6 Rf8 28. Rh7 Ne8 29. Rah1 Bxf6 30. exf6 Nxf6 31. Bxf6 1-0


[Site "https://www.chess.com"]

[Event "Titled Tuesday Blitz April 4 Early 2023"]
[White "Ozates, Tuna"]
[Black "Semenova, Alina"]
[WhiteFideId "6354521"]
[BlackFideId "24113875"]
[WhiteElo "2151"]
[BlackElo "1833"]
[Result "1-0"]
[Round "04"]
[TimeControl "180+2"]
[Date "2023.04.04"]
[WhiteClock "0:01:12"]
[BlackClock "0:00:02"]

1. d4 Nf6 2. Bg5 d6 3. Bxf6 gxf6 4. g3 e5 5. Bg2 c6 6. e3 Qb6 7. Nc3 Qxb2 8. Nge2 Nd7 9. O-O Qb6 10. d5 Nc5 11. a4 a5 12. Rb1 Qc7 13. f4 Bh6 14. Kh1 Rg8 15. dxc6 bxc6 16. Nb5 cxb5 17. Bxa8 Bb7+ 18. Bxb7 Qxb7+ 19. Kg1 b4 20. Qxd6 Ne4 21. Qd3 Ke7 22. Rbd1 f5 23. fxe5 Rg5 24. Nf4 Rg8 25. Nd5+ Ke6 26. Qb3 Kxe5 27. Qb2+ Ke6 28. Nf4+ Bxf4 29. exf4 1-0


[Site "https://www.chess.com"]

[Event "Titled Tuesday Blitz April 4 Early 2023"]
[White "Acikel, Mert"]
[Black "Vidit, Santosh Gujrathi"]
[WhiteFideId "12956465"]
[BlackFideId "5029465"]
[WhiteElo "2097"]
[BlackElo "2651"]
[Result "1/2-1/2"]
[Round "04"]
[TimeControl "180+2"]
[Date "2023.04.04"]
[WhiteClock "0:00:02"]
[BlackClock "0:00:16"]

1. e4 c5 2. Nf3 e6 3. c4 a6 4. Nc3 Qc7 5. d4 cxd4 6. Qxd4 d6 7. Be2 Nf6 8. O-O Nbd7 9. Rd1 b6 10. b3 Bb7 11. Ba3 Nc5 12. e5 dxe5 13. Qxe5 Rc8 14. Rac1 Be7 15. h3 Qxe5 16. Nxe5 Nxb3 17. axb3 Bxa3 18. Rc2 Ke7 19. Ra2 Bb4 20. Na4 Bc5 21. b4 Bxb4 22. Nxb6 Rcd8 23. Rb1 a5 24. Nd3 Be4 25. Nxb4 Bxb1 26. Rxa5 Rd2 27. Bf3 Nd7 28. Ra7 Rd8 29. c5 Ke8 30. Nc6 Nxb6 31. Nxd8 Nd7 32. Nc6 Nxc5 33. Ra8+ Kd7 34. Rd8+ Kc7 35. Rxd2 Be4 36. Bxe4 Nxe4 37. Rc2 Kd6 38. Nd4 Kd5 39. Nf3 f6 40. Rc7 g5 41. Rxh7 e5 42. h4 g4 43. Ne1 g3 44. fxg3 Nxg3 45. h5 Ke4 46. h6 Nf5 47. Rg7 Nxh6 48. Kf2 Kf5 49. Ke2 Ng4 50. Nf3 Kf4 51. Ne1 Kg3 52. Nd3 e4 53. Ne1 f5 54. Rf7 f4 55. Re7 e3 56. Nd3 Kxg2 57. Nxf4+ Kg3 58. Nd5 Nh6 59. Nxe3 Kf4 60. Rg7 Ke5 61. Rg6 Nf7 62. Rg7 Nd6 63. Ng4+ Kf4 64. Kf2 Nf5 65. Rg8 Ne7 66. Re8 Ng6 67. Nh2 Ne5 68. Rf8+ Ke4 69. Ke2 Nc6 70. Ng4 Nd4+ 71. Kd1 Ne6 72. Re8 Kf5 73. Ne3+ Kf6 74. Nd5+ Kf5 75. Kd2 Nc5 76. Kc3 Ne4+ 77. Kd4 Ng5 78. Re5+ Kg4 79. Ne3+ Kf4 80. Re7 Nf3+ 81. Kd5 Ng5 82. Rg7 Nf3 83. Rf7+ Kxe3 84. Rxf3+ Kxf3 1/2-1/2


[Site "https://www.chess.com"]

[Event "Titled Tuesday Blitz April 4 Early 2023"]
[White "Kollars, Dmitrij"]
[Black "Weishaeutel, Moritz"]
[WhiteFideId "12909572"]
[BlackFideId "12967300"]
[WhiteElo "2584"]
[BlackElo "2301"]
[Result "1-0"]
[Round "04"]
[TimeControl "180+2"]
[Date "2023.04.04"]
[WhiteClock "0:00:29"]
[BlackClock "0:00:02"]

1. e4 e5 2. Nf3 Nf6 3. Nxe5 Nc6 4. Nxc6 dxc6 5. d3 Bc5 6. h3 Bxf2+ 7. Kxf2 Nxe4+ 8. Ke3 O-O 9. Qf3 Ng5 10. Qf4 Ne6 11. Qg3 f5 12. Kd2 f4 13. Qf2 Ng5 14. Kd1 Bf5 15. Nc3 b5 16. Bxf4 b4 17. Ne2 Ne6 18. Qe3 Qd7 19. g4 Bg6 20. Bg2 Rae8 21. Qd2 a5 22. Rf1 Nc5 23. Ng3 Rf7 24. Be3 Rxf1+ 25. Bxf1 Ne6 26. a3 b3 27. cxb3 Qd5 28. Rc1 Qxb3+ 29. Qc2 Qd5 30. Qxc6 Qb3+ 31. Qc2 Qd5 32. Bg2 Qd6 33. Ne4 Qh2 34. Qf2 Rf8 35. Qg1 Qe5 36. Rc3 Nf4 37. Bxf4 Qxf4 38. Kc2 Qe5 39. Bh1 Rd8 40. Qg3 Qe7 41. Qxc7 Qe8 42. h4 h5 43. gxh5 Bxh5 44. Qxa5 Bg6 45. Qg5 Rd7 46. h5 Bh7 47. Nf6+ 1-0


[Site "https://www.chess.com"]

[Event "Titled Tuesday Blitz April 4 Early 2023"]
[White "Makarian, Rudik"]
[Black "Turzo, Attila"]
[WhiteFideId "44105681"]
[BlackFideId "704954"]
[WhiteElo "2430"]
[BlackElo "2524"]
[Result "1-0"]
[Round "04"]
[TimeControl "180+2"]
[Date "2023.04.04"]
[WhiteClock "0:02:11"]
[BlackClock "0:00:15"]

1. d4 Nf6 2. c4 c5 3. d5 b5 4. cxb5 a6 5. e3 g6 6. Nc3 Bg7 7. a4 O-O 8. Nf3 e6 9. dxe6 fxe6 10. Ra3 d5 11. e4 d4 12. e5 Ng4 13. Ne4 Qd5 14. Qc2 Nxe5 15. Nxe5 Qxe5 16. f4 Qf5 17. Bd3 Nd7 18. O-O axb5 19. axb5 Rxa3 20. bxa3 Bb7 21. Nd6 Qd5 22. Nxb7 Qxb7 23. a4 e5 24. f5 gxf5 25. Rxf5 Kh8 26. Rxf8+ Nxf8 27. a5 Ne6 28. a6 Qb6 29. Qe2 c4 30. Bxc4 d3+ 31. Qf2 Qc7 32. a7 e4 33. a8=Q+ 1-0


[Site "https://www.chess.com"]

[Event "Titled Tuesday Blitz April 4 Early 2023"]
[White "Lobanov, Sergei"]
[Black "Ibadov, Dashgyn"]
[WhiteFideId "24183750"]
[BlackFideId "24107514"]
[WhiteElo "2489"]
[BlackElo "2208"]
[Result "1-0"]
[Round "04"]
[TimeControl "180+2"]
[Date "2023.04.04"]
[WhiteClock "0:00:37"]
[BlackClock "0:00:02"]

1. d4 Nf6 2. c4 c5 3. d5 d6 4. Nc3 g6 5. e4 Bg7 6. Nf3 O-O 7. h3 e6 8. Nd2 exd5 9. cxd5 Na6 10. Bxa6 bxa6 11. O-O Rb8 12. Re1 a5 13. Qc2 Re8 14. Nf3 Ba6 15. Bf4 Rb4 16. a3 Rb6 17. Rad1 Qb8 18. Na4 Rb3 19. Nxc5 Rxb2 20. Nxa6 Rxc2 21. Nxb8 Rxb8 22. Bxd6 Rbb2 23. Be5 Ra2 24. Bd4 Nd7 25. e5 Kf8 26. e6 Bxd4 27. exd7 Bxf2+ 28. Kh1 Bb6 29. Re8+ Kg7 30. Rg1 Rxa3 31. Rb8 Bc7 32. d6 Bxb8 33. d8=Q Rb3 34. Qe7 1-0


[Site "https://www.chess.com"]

[Event "Titled Tuesday Blitz April 4 Early 2023"]
[White "Padmini, Rout"]
[Black "Timofeev, Artyom"]
[WhiteFideId "5029295"]
[BlackFideId "4140419"]
[WhiteElo "2314"]
[BlackElo "2586"]
[Result "0-1"]
[Round "04"]
[TimeControl "180+2"]
[Date "2023.04.04"]
[WhiteClock "0:00:07"]
[BlackClock "0:00:06"]

1. e4 d6 2. d4 Nf6 3. Nc3 g6 4. Bg5 Bg7 5. Qd2 h6 6. Be3 Ng4 7. Bf4 e5 8. dxe5 dxe5 9. Qxd8+ Kxd8 10. Bg3 Nc6 11. O-O-O+ Bd7 12. Nf3 h5 13. Bb5 Bh6+ 14. Kb1 Bf4 15. Bxc6 bxc6 16. h3 Nf6 17. Nxe5 Bxg3 18. Nxf7+ Ke7 19. Nxh8 Rxh8 20. fxg3 Be6 21. b3 Nd7 22. Kb2 h4 23. gxh4 Rxh4 24. Rd4 Rf4 25. Rhd1 Nc5 26. R1d2 a5 27. Re2 Rf1 28. Nd5+ Bxd5 29. exd5+ Kd6 30. dxc6+ Kxc6 31. Rg4 Rf6 32. Re5 Kb6 33. Reg5 c6 34. Rxg6 Rf2 35. Rc4 Nd3+ 36. Ka3 Ne5 37. Rcg4 Rxc2 38. R6g5 Nd3 39. b4 Rc3+ 40. Ka4 Nb2# 0-1


[Site "https://www.chess.com"]

[Event "Titled Tuesday Blitz April 4 Early 2023"]
[White "Goltsev, Dmitry"]
[Black "Ferenc83"]
[WhiteFideId "24176710"]
[WhiteElo "2336"]
[BlackElo "2518"]
[Result "0-1"]
[Round "04"]
[TimeControl "180+2"]
[Date "2023.04.04"]
[WhiteClock "0:00:49"]
[BlackClock "0:02:19"]

1. e4 c6 2. d4 d5 3. Nc3 dxe4 4. Nxe4 Nf6 5. Ng3 h5 6. h4 Bg4 7. f3 Be6 8. Bg5 Nbd7 9. N1e2 Nb6 10. Nf4 Qc7 11. Nge2 Bf5 12. Nd3 e6 13. Qd2 Nc4 14. Qc3 b5 15. b3 Nd5 16. bxc4 Nxc3 17. Nxc3 Bxd3 18. Bxd3 bxc4 19. Bxc4 Bb4 20. Bd2 Qa5 21. Ne4 Bxd2+ 22. Nxd2 Qc3 23. Rd1 Qxd4 24. Bb3 Qe3+ 25. Kf1 Rd8 0-1


[Site "https://www.chess.com"]